 Dungeon Crawl Stone Soup version 0.20.1-1-g8b1a95d (webtiles) character file.

95 KoningWillie the Covered (level 4, -4/41 HPs)
             Began as a Minotaur Fighter on Oct 30, 2017.
             Slain by a gnoll
             ... wielding a +0 flail of holy wrath
              (5 damage)
             ... on level 1 of the Dungeon.
             The game lasted 00:03:47 (1049 turns).

KoningWillie the Covered (Minotaur Fighter)         Turns: 1049, Time: 00:03:48

Health: -4/41      AC:  7    Str: 22    XL:     4   Next: 40%
Magic:  3/3        EV:  7    Int:  5    God:
Gold:   60         SH:  9    Dex:  9    Spells: 3/3 levels left

rFire    . . .     SeeInvis .   a - +1 long sword
rCold    . . .     Gourm    .   c - +0 shield
rNeg     . . .     Faith    .   b - +0 scale mail
rPois    .         Spirit   .   (helmet restricted)
rElec    .         Reflect  .   (no cloak)
rCorr    .         Harm     .   (no gloves)
MR       +....                  (no boots)
Stlth    ..........             (no amulet)
Regen    0.2/turn               g - ring of protection from magic
MPRegen  0.1/turn               (no ring)

@: no status effects
A: retaliatory headbutt, horns 2
a: no special abilities


You were on level 1 of the Dungeon.
You were hungry.

You visited 1 branch of the dungeon, and saw 2 of its levels.

You collected 60 gold pieces.

Inventory:

Hand Weapons
 a - a +1 long sword (weapon)
Armour
 b - a +0 scale mail (worn)
 c - a +0 shield (worn)
Jewellery
 g - a ring of protection from magic (left hand)
Scrolls
 e - a scroll of remove curse
 i - a scroll of amnesia {unknown}
 l - a scroll of enchant weapon
Potions
 d - a potion of might
 h - a potion of brilliance {unknown}
 j - a potion of flight {unknown}
 k - a potion of cancellation {unknown}
 n - a potion of haste {unknown}
 o - a potion of heal wounds {unknown}
Comestibles
 f - a bread ration
 m - a royal jelly


   Skills:
 + Level 4.3 Fighting
 + Level 3.4 Long Blades
 + Level 4.5 Armour
 + Level 4.4 Shields


You had 3 spell levels left.
You didn't know any spells.

Dungeon Overview and Level Annotations

Branches:
Dungeon (2/15)

Altars:


Innate Abilities, Weirdness & Mutations

You reflexively headbutt those who attack you in melee.
You have a pair of horns on your head.


Message History

The gnoll barely misses you. The frilled lizard barely misses you.
You riposte.
You slash the frilled lizard!
You kill the frilled lizard!
The gnoll hits you from afar with a halberd.
The gnoll hits you with a flail of holy wrath!
You climb upwards.
There is a stone staircase leading down here.
You slash the gnoll!
You kill the gnoll!
The gnoll hits you but does no damage.
The gnoll hits you with a flail of holy wrath.
* * * LOW HITPOINT WARNING * * *
Things that are here:
a flail; a gnoll corpse The gnoll hits you with a flail of holy wrath!
* * * LOW HITPOINT WARNING * * *
You hit the gnoll. You headbutt the gnoll.
The gnoll is severely wounded.
The gnoll hits you with a flail of holy wrath.
You die...

## ##....#### # ####....#
####.## ####### #..####
#.....## ##....####......#
### ##.........###.# ..#
####### #.†.......#.#.#
#.###.....## #.>)..).......#
#..##.....)###.g@.....#.#.##
##.##.................###.#
##.#####.....#............#
.......#.###.#######....###
##...#.#.# #..# ######
#.......# ##.##
##.#..#.#####..#######
##.##........#.......#
.........###.#......†########


You could see a gnoll.

Vanquished Creatures
  An adder (D:2)
  4 gnolls
  An ooze (D:1)
  A worm (D:2)
  A dart slug (D:1)
  6 bats
  A giant cockroach (D:2)
  6 hobgoblins (D:1)
  2 jackals (D:1)
  7 kobolds
  3 frilled lizards
  4 goblins
  4 rats
41 creatures vanquished.

Notes
Turn   | Place    | Note
-------+----------+-------------------------------------------
     0 | D:1      | KoningWillie the Minotaur Fighter began the quest for the Orb.
     0 | D:1      | Reached XP level 1. HP: 19/19 MP: 0/0
    94 | D:1      | Reached XP level 2. HP: 27/27 MP: 1/1
   251 | D:1      | Reached XP level 3. HP: 33/33 MP: 2/2
   725 | D:2      | Reached XP level 4. HP: 33/40 MP: 3/3
  1048 | D:1      | HP: 1/41 [gnoll/flail of holy wrath (11)]
  1049 | D:1      | Slain by a gnoll

Skill      XL: |  1  2  3 |
---------------+----------+-----
Fighting       | 4 |  4.3
Shields        | 4 |  4.4
Armour         | 4 |  4.5
Long Blades    | 3 |  3.4

Action                   |  1- 3 |  4- 6 || total
-------------------------+-------+-------++-------
Melee: Long sword        |    45 |    26 ||    71
       Headbutt          |    14 |     5 ||    19
  Use: Scroll            |     4 |       ||     4
Armor: Scale mail        |    17 |    20 ||    37
Dodge: Dodged            |    14 |    10 ||    24
Block: Shield            |    37 |    25 ||    62
       Rpst.: Long sword |     4 |     3 ||     7
